 Dungeon Crawl Stone Soup version 0.18.1-8-gdd0e5ea (webtiles) character file.

407266 protoss039 the Axe Maniac (level 22, -6/207 (211) HPs)
             Began as a Minotaur Berserker on June 9, 2016.
             Was the Champion of Trog.
             Mangled by an orc warrior
             ... wielding a +0 halberd
             ... led by an orc knight
              (8 damage)
             ... on level 5 of the Vaults on June 10, 2016.
             The game lasted 05:18:21 (61877 turns).

protoss039 the Axe Maniac (Minotaur Berserker)     Turns: 61877, Time: 05:18:24

HP:   -6/207 (211)  AC: 31    Str: 37    XL:     22   Next: 8%
MP:   29/29         EV:  8    Int:  4    God:    Trog [******]
Gold: 2687          SH: 14    Dex: 17    Spells: 0 memorised, 21 levels left

rFire  . . .     SeeInvis +     q - +5 war axe of Cuuroir {speed, rN+ Dex+4}
rCold  + + .     Gourm    .     a - +2 plate armour {MR+}
rNeg   + + .     Faith    .     W - +0 shield
rPois  .         Spirit   .     (helmet unavailable)
rElec  .         Dismiss  +     K - +1 cloak {+Inv}
rCorr  .         Reflect  .     F - +0 pair of gloves of Salvation {*Drain Str+2 Slay+5 Stlth+}
SustAt .         Harm     .     A - +1 pair of boots {Fly}
MR     +++..     Rnd*Rage +     t - amulet "Nannidaaz" {Dismiss rN+}
Stlth  .......... Rnd*Tele +    Y - ring of protection from magic
                                w - ring "Plog" {rC++ Dex+3 SInv}

@: lethally poisoned (-6 -> -21), exhausted, flying, slowed, very slow,
extremely resistant to hostile enchantments, extremely unstealthy
A: retaliatory headbutt, horns 3, repulsion field 1, iridescent scales 1, rough
black scales 1, agile 1, berserk 1, blurry vision 1, deformed body, regeneration
1, strong 1, teleportitis 1, no device heal 2
a: Berserk, Trog's Hand, Brothers in Arms, Burn Spellbooks, Renounce Religion,
Evoke Invisibility, Stop Flying
}: 3/15 runes: decaying, slimy, gossamer


You were on level 5 of the Vaults.
You worshipped Trog.
Trog was exalted by your worship.
You were very hungry.

You visited 7 branches of the dungeon, and saw 44 of its levels.
You visited 1 bazaar.
You also visited: Ossuary and Ice Cave.

You collected 4778 gold pieces.
You spent 2091 gold pieces at shops.

Inventory:

Hand Weapons
 q - the +5 war axe of Cuuroir (weapon) {speed, rN+ Dex+4}
   (Trog gifted it to you on level 4 of the Swamp)

   Attacks with this weapon are significantly faster.
   It affects your dexterity (+4).
   It protects you from negative energy.
Missiles
 d - 11 needles of sleeping
 p - 4 poisoned javelins
 v - 3 needles of confusion
 P - 7 steel javelins (quivered)
Armour
 a - a +2 plate armour of magic resistance (worn)
 A - a +1 pair of boots of flying (worn)
 F - the +0 pair of gloves of Salvation (worn) {*Drain Str+2 Slay+5 Stlth+}
   (You acquired it on level 4 of the Swamp)

   It affects your strength (+2).
   It affects your accuracy and damage with ranged weapons and melee attacks
   (+5).
   It causes draining when unequipped.
   It makes you more stealthy.
 K - a +1 cloak of invisibility (worn)
 Q - the -2 hat of the Alchemist {rElec rPois rF+ rC+ rN+ MR+ rMut rCorr}
   (You bought it in a shop on level 2 of the Orcish Mines)

   It protects you from fire.
   It protects you from cold.
   It insulates you from electricity.
   It protects you from poison.
   It protects you from negative energy.
   It affects your resistance to hostile enchantments.
   It protects you from acid and corrosion.
   It protects you from mutation.
 W - a +0 shield (worn)
Jewellery
 t - the amulet "Nannidaaz" (around neck) {Dismiss rN+}
   (You acquired it on level 6 of the Pits of Slime)

   [amulet of dismissal]

   It may teleport away creatures that harm you.
   It protects you from negative energy.
 w - the ring "Plog" (left hand) {rC++ Dex+3 SInv}
   (You found it on level 6 of the Pits of Slime)

   [ring of see invisible]

   It affects your dexterity (+3).
   It greatly protects you from cold.
   It lets you see invisible.
 H - an uncursed amulet of harm
 Y - a ring of protection from magic (right hand)
 Z - the ring "Vuedyb" {Ice rElec rN+++ Str-3 Stlth+}
   (You found it on level 6 of the Pits of Slime)

   [ring of ice]

   It enhances your ice magic, and weakens your fire magic.
   It affects your strength (-3).
   It makes you vulnerable to fire.
   It protects you from cold.
   It insulates you from electricity.
   It renders you almost immune to negative energy.
   It makes you more stealthy.
Wands
 x - a wand of confusion (17/48)
 y - a wand of iceblast (0/15)
 D - a wand of acid (0/15)
 I - a wand of paralysis (10/24)
 N - a wand of slowing (15/48)
 U - a wand of digging (3/24)
Scrolls
 b - 23 scrolls of remove curse
 h - 4 scrolls of magic mapping
 k - 8 scrolls of enchant armour
 l - 9 scrolls of recharging
 s - 9 scrolls of teleportation
 u - 3 scrolls of fog
 J - 9 scrolls of identify
 M - 6 scrolls of silence
 O - 2 scrolls of enchant weapon
 R - a scroll of brand weapon
 X - 2 scrolls of fear
Potions
 e - 3 potions of ambrosia
 g - 4 potions of heal wounds
 i - 4 potions of might
 j - 5 potions of berserk rage
 n - 4 potions of curing
 o - 3 potions of lignification
 z - 4 potions of resistance
 B - a potion of agility
 S - 4 potions of haste
Miscellaneous
 m - a fan of gales
 E - a phial of floods
 L - a phantom mirror
 V - a disc of storms
Comestibles
 c - 25 bread rations
 r - 32 fruits
 C - 10 chunks of flesh
 G - 11 meat rations


   Skills:
 + Level 20.5 Fighting
 O Level 27 Axes
 * Level 12.7 Throwing
 * Level 20.0 Armour
 - Level 4.0 Dodging
 - Level 0.1 Stealth
 - Level 9.7 Shields
 * Level 11.7 Evocations


You had 21 spell levels left.
You didn't know any spells.

Dungeon Overview and Level Annotations

Branches:
Dungeon (15/15)            Temple (0/1) D:5            Lair (8/8) D:9
  Swamp (4/4) Lair:5       Spider (4/4) Lair:4        Slime (6/6) Lair:6
    Orc (2/2) D:11            Elf (0/3) Orc:2        Vaults (5/5) D:14
  Crypt (0/3) Vaults:2     Depths (0/5) D:15

Altars:
Cheibriados
Dithmenos
Gozag
Makhleb
Okawaru
Qazlal
Ru
Sif Muna
Trog
Xom
Beogh
Jiyva

Shops:
Orc:2 [[[:

Portals:
Trove: D:12 (give +5 fire dragon armour)

Annotations:
Vaults:4 whitenoisemaker's ghost, adept DsGl


Innate Abilities, Weirdness & Mutations

You reflexively headbutt those who attack you in melee.
You have a pair of large horns on your head.
You are surrounded by a mild repulsion field (EV +2).
You are partially covered in iridescent scales (AC +4).
You are partially covered in rough black scales (AC +4, Dex -1).
You are agile. (Dex +2)
You tend to lose your temper in combat.
Scrolls take you a little longer to read.
Armour fits poorly on your strangely shaped body.
Your natural rate of healing is unusually fast.
Your muscles are strong. (Str +2)
You are occasionally teleported next to monsters.
Potions and wands are poor at restoring your health.


Message History

You block the vault guard's attack.
There is a stone staircase leading up here.
Items here: )))) [[[[[[ Unknown command.
Unknown command.
Unknown command.
You feel sick. You block the orc warrior's attack.
The orc warrior hits you but does no damage.
The orc knight roars a battlecry!
The orcs go into a battle-frenzy!
The orc knight hits you with a dire flail!
* * * LOW HITPOINT WARNING * * *
The sphinx hits you!
* * * LOW HITPOINT WARNING * * *
You block the sphinx's attack. The sphinx hits you but does no damage.
The vault guard hits you from afar with a halberd of venom.
* * * LOW HITPOINT WARNING * * *
You are more poisoned.
The orc warrior hits you from afar with a halberd!
You die...

#)...# .# #)...#
#.######(...# #
#.....#((..# .#
#.....#(...# ..#
#.....#(...#...#
#......p(.......
#######.))o....###
.......)).@<[.....
.......)ooH.<.....
........o.X<......
.......C..........
#######........###
o..........
.#.#....#.###
....#....#.# #
#.#....#


You could see a tentacled monstrosity, a sphinx, a vault guard, an orc knight,
an ettin, an orc sorcerer (wandering), 2 orc warriors and an orc.

Vanquished Creatures
  the Royal Jelly (Slime:6)
  Arachne (Spider:4)
  Asterion (Spider:1)
  Gastronok (Lair:3)
  39 acid blobs
  2 sphinxes
  Frances (Spider:1)
  Agnes (Spider:1)
  Roxanne (Spider:2)
  The ghost of rockintein the Executioner, an adept MiBe of Trog (Swamp:4)
  Kirke (D:15)
  26 azure jellies
  A storm dragon (Vaults:4)
  6 vault wardens
  A fire giant (Vaults:3)
  2 frost giants
  Donald (Swamp:2)
  2 ghost moths (Spider:4)
  Louise (D:15)
  8 emperor scorpions
  Aizul (Spider:3)
  7 ironheart preservers
  A very ugly thing (Swamp:3)
  4 stone giants
  2 deep elf demonologists
  2 large abominations (Vaults:5)
  2 spark wasps
  3 salamander stormcallers
  Azrael (D:15)
  Snorg (Lair:3)
  An ettin (Vaults:2)
  2 deep elf death magi
  4 fire dragons
  21 death oozes
  27 vault guards
  7 yaktaur captains
  2 entropy weavers
  8 great orbs of eyes
  23 hydras
  The ghost of Arantyr the Blocker, a journeyman GrFi (IceCv)
  Harold (Lair:3)
  An ice dragon (Vaults:4)
  3 ghost crabs
  13 centaur warriors
  2 catoblepae
  15 alligators
  6 ogre magi
  A deep troll shaman (Vaults:4)
  A tengu warrior (D:15)
  8 orc high priests (Orc:2)
  2 deep elf knights
  A fire crab (shapeshifter) (D:15)
  A salamander mystic (Vaults:4)
  A sun demon (D:14)
  3 fire crabs
  17 skeletal warriors
  A flayed ghost (D:15)
  3 giant orange brains
  An obsidian statue (D:14)
  8 deep trolls
  3 unseen horrors
  2 lindwurms (Swamp:4)
  8 swamp dragons
  10 ironbrand convokers
  A spriggan druid (Swamp:4)
  8 deep elf archers
  3 wizards
  6 harpies (Vaults:3)
  The ghost of RudyRod the Firebug, a novice NaFE (Ossuary)
  The ghost of MrXenoo the Ducker, a novice DsBe of Yredelemnul (D:6)
  A necromancer (IceCv)
  18 orb spiders
  11 hill giants
  9 deep elf magi
  5 griffons
  25 ugly things
  An orc sorcerer (Orc:1)
  6 orc knights
  33 wolf spiders
  4 moths of wrath
  A salamander (shapeshifter) (Vaults:3)
  3 manticores
  2 salamanders (Vaults:4)
  19 elephants
  7 cyclopes
  9 shining eyes
  4 hornets
  A stone giant skeleton (Vaults:2)
  2 ice statues (IceCv)
  An octopode (shapeshifter) (Vaults:1)
  8 black mambas
  7 eyes of devastation
  A rust devil (D:14)
  A black mamba (shapeshifter) (Vaults:2)
  3 gargoyles
  13 vault sentinels
  16 spiny frogs
  A torpor snail (Spider:1)
  A storm dragon simulacrum (Vaults:2)
  6 centaur skeletons
  A molten gargoyle (Swamp:4)
  2 kobold demonologists (Vaults:2)
  A smoke demon (D:14)
  2 rime drakes (Lair:8)
  4 efreet (D:14)
  9 komodo dragons
  11 demonic crawlers
  25 yaktaurs
  12 ice devils (IceCv)
  3 freezing wraiths
  A hellwing (D:14)
  A tengu conjurer (D:15)
  2 polar bears
  2 guardian mummies (D:12)
  11 giant leeches
  36 jumping spiders
  A polar bear (shapeshifter) (D:15)
  A queen bee (D:15)
  7 trolls
  A jumping spider (shapeshifter) (Vaults:1)
  4 boulder beetles
  A harpy skeleton (D:15)
  A human simulacrum (Vaults:3)
  15 two-headed ogres
  23 blink frogs
  2 blink frogs (shapeshifter) (Vaults:1)
  185 slime creatures
  2 hornet zombies
  8 bog bodies
  A fire giant simulacrum (Vaults:3)
  27 tarantellas
  2 shadows
  96 redbacks
  A tarantella (shapeshifter) (Vaults:3)
  An orc simulacrum (Vaults:1)
  5 spriggans
  2 wyverns
  An ettin skeleton (Vaults:2)
  2 vampires
  6 basilisks
  3 wraiths
  40 yaks
  4 fire elementals (D:15)
  The ghost of ReniFell the Skirmisher, an amateur FoFi (D:3)
  21 golden eyes
  2 hogs (D:15)
  A hungry ghost (D:11)
  4 steam dragons
  15 vampire mosquitoes
  15 hippogriffs
  Eustachio (D:4)
  13 wargs
  5 mottled dragons
  9 insubstantial wisps
  37 swamp worms
  A soldier ant (D:14)
  3 hell hounds (D:15)
  2 porcupines
  9 water moccasins
  27 orc warriors
  2 deep troll skeletons (Vaults:2)
  7 sky beasts
  2 ice beasts
  8 swamp drakes
  7 black bears
  10 wasps
  A necrophage (D:8)
  29 ogres
  4 phantoms
  13 eyes of draining
  2 boggarts
  22 wolves
  17 centaurs
  2 elf skeletons (Vaults:2)
  17 crocodiles
  4 big kobolds
  18 giant frogs
  5 human skeletons (Vaults:2)
  8 scorpions
  29 killer bees
  A troll skeleton (D:14)
  3 spriggan skeletons (D:14)
  9 wights
  A howler monkey (D:7)
  2 electric eels
  A lava snake (Swamp:4)
  6 centaur zombies
  8 crimson imps
  4 draconian simulacra (IceCv)
  A giant frog zombie (D:6)
  2 iron imps (D:14)
  63 jellies
  7 hounds
  20 orc wizards
  A wasp zombie (D:11)
  A human zombie (Ossuary)
  37 orc priests
  2 giant frog skeletons
  A gnoll shaman (Orc:1)
  10 iguanas
  12 worker ants
  A troll simulacrum (IceCv)
  2 hell rats (Lair:5)
  11 sheep
  A centaur simulacrum (IceCv)
  3 hound zombies
  3 mummies (Ossuary)
  A hound skeleton (D:4)
  8 gnolls
  8 adders
  4 naga simulacra (IceCv)
  40 river rats
  7 shadow imps
  2 oozes
  3 adder zombies (Ossuary)
  2 adder skeletons
  9 worms
  6 dart slugs
  2 giant geckos
  132 orcs
  5 bats
  6 giant cockroaches
  9 goblins
  4 hobgoblins
  10 jackals (D:1)
  33 kobolds
  10 quokkas
  2 ball pythons
  6 giant newts
  4 goblin zombies (Ossuary)
  A jackal skeleton (D:5)
  8 jackal zombies (Ossuary)
  2 kobold zombies (Ossuary)
  2 orc zombies (Ossuary)
  4 quokka zombies (Ossuary)
  11 rats
  3 rat zombies (Ossuary)
  2 crawling corpses (Vaults:5)
  12 fungi
  8 plants
2086 creatures vanquished.

Vanquished Creatures (collateral kills)
  The ghost of Britaniac the Slayer, a legendary NaFi of Cheibriados (Slime:6)
  2 acid blobs (Slime:6)
  2 death oozes (Slime:6)
  A hydra (Lair:4)
  A jumping spider (Spider:1)
  2 redbacks (Spider:1)
  A tarantella (Spider:1)
  4 orc priests (Orc:2)
  4 orcs (Orc:2)
18 creatures vanquished.

Vanquished Creatures (others)
  Nikola (Spider:2)
  A centaur warrior (D:15)
  A deep elf knight (Vaults:4)
  2 swamp dragons (Swamp:4)
  A hellwing (D:14)
  A jumping spider (Spider:2)
  2 slime creatures (Swamp:2)
  5 humans (D:15)
  2 steam dragons (Swamp:4)
  3 mottled dragons (Swamp:4)
  7 swamp drakes (Swamp:4)
  A sky beast (D:14)
  A boggart (D:15)
  A quasit (D:14)
  A shadow imp (D:14)
  2 white imps (D:14)
  An ufetubus (D:14)
  An orc (D:11)
  15 fungi
  12 plants
61 creatures vanquished.

Grand Total: 2165 creatures vanquished

Notes
Turn   | Place    | Note
--------------------------------------------------------------
     0 | D:1      | protoss039 the Minotaur Berserker began the quest for the Orb.
     0 | D:1      | Reached XP level 1. HP: 19/19 MP: 0/0
    78 | D:1      | Reached XP level 2. HP: 22/27 MP: 1/1
   161 | D:1      | Reached skill level 4 in Axes
   271 | D:1      | Reached ** piety under Trog
   377 | D:1      | Reached XP level 3. HP: 33/33 MP: 2/2
   992 | D:2      | Reached XP level 4. HP: 24/40 MP: 3/3
  1425 | D:2      | Reached *** piety under Trog
  1689 | D:3      | Noticed ReniFell's ghost (amateur FoFi)
  1702 | D:3      | Killed ReniFell's ghost
  1702 | D:3      | Reached skill level 5 in Axes
  1702 | D:3      | Reached XP level 5. HP: 29/47 MP: 4/4
  2380 | D:4      | Found a stormy altar of Qazlal.
  2499 | D:4      | Found a sand-covered staircase.
  2505 | Ossuary  | Entered an ossuary
  2534 | Ossuary  | Reached XP level 6. HP: 53/53 MP: 5/5
  2565 | Ossuary  | Noticed RudyRod's ghost (novice NaFE)
  2612 | Ossuary  | Killed RudyRod's ghost
  2612 | Ossuary  | Reached skill level 5 in Fighting
  2612 | Ossuary  | Reached skill level 6 in Axes
  2612 | Ossuary  | Reached XP level 7. HP: 60/61 MP: 6/6
  2872 | D:4      | Reached skill level 7 in Axes
  3193 | D:4      | Noticed Eustachio
  3208 | D:4      | Killed Eustachio
  3208 | D:4      | Reached XP level 8. HP: 70/70 MP: 7/7
  3277 | D:4      | Found an opulent altar of Gozag.
  3482 | D:5      | Entered Level 5 of the Dungeon
  3540 | D:5      | Found a snail-covered altar of Cheibriados.
  3657 | D:5      | Found a staircase to the Ecumenical Temple.
  3824 | D:5      | Found a stormy altar of Qazlal.
  4052 | D:5      | Reached **** piety under Trog
  4135 | D:6      | Found a shimmering altar of Xom.
  4187 | D:6      | Reached skill level 8 in Axes
  4610 | D:6      | Reached skill level 9 in Axes
  4895 | D:6      | Reached XP level 9. HP: 42/79 MP: 8/8
  5195 | D:6      | Noticed MrXenoo's ghost (novice DsBe)
  5209 | D:6      | Killed MrXenoo's ghost
  5873 | D:7      | Reached skill level 10 in Axes
  5873 | D:7      | Reached skill level 10 in Armour
  6017 | D:7      | Found a burning altar of Makhleb.
  6017 | D:7      | Found a shadowy altar of Dithmenos.
  6576 | D:8      | Reached ***** piety under Trog
  6638 | D:8      | You fall through a shaft!
  6882 | D:8      | Found a deep blue altar of Sif Muna.
  6940 | D:8      | Reached XP level 10. HP: 69/91 MP: 9/9
  6982 | D:8      | Found a sacrificial altar of Ru.
  6988 | D:8      | Received a gift from Trog
  7003 | D:8      | Reached skill level 11 in Axes
  7297 | D:8      | Gained mutation: You are partially covered in rough black scales (AC +4, Dex -1). [mutagenic meat]
  7298 | D:8      | Gained mutation: You are weak. (Str -2) [mutagenic meat]
  7299 | D:8      | Gained mutation: You are clumsy. (Dex -2) [mutagenic meat]
  7300 | D:8      | Gained mutation: You evolve. [mutagenic meat]
  7692 | D:9      | Reached skill level 10 in Fighting
  8321 | D:9      | Reached skill level 1 in Shields
  8503 | D:9      | Found a staircase to the Lair.
  8535 | D:9      | Found an iron altar of Okawaru.
  8879 | D:10     | Entered Level 10 of the Dungeon
  9082 | D:10     | Reached skill level 12 in Axes
  9359 | D:10     | Reached XP level 11. HP: 75/102 MP: 3/10
 10769 | D:11     | Reached skill level 1 in Throwing
 10806 | D:11     | Lost mutation: You are clumsy. (Dex -2) [evolution]
 10914 | D:11     | Found a staircase to the Orcish Mines.
 10924 | D:11     | Received a gift from Trog
 11661 | D:12     | Reached ****** piety under Trog
 11698 | D:12     | You fall through a shaft for 2 floors!
 11722 | D:14     | Noticed a seven-headed hydra
 11735 | D:14     | Killed a 16-headed hydra
 12092 | D:14     | Noticed an obsidian statue
 12146 | D:14     | Noticed a centaur warrior
 12153 | D:14     | Killed a centaur warrior
 12153 | D:14     | Reached skill level 13 in Axes
 12252 | D:14     | Killed an unseen horror
 12416 | D:14     | Reached XP level 12. HP: 110/113 MP: 3/11
 12538 | D:13     | Noticed a centaur warrior
 12547 | D:13     | Killed a centaur warrior
 12547 | D:13     | Reached skill level 5 in Shields
 12880 | D:12     | Found a portal to a secret trove of treasure.
 13717 | D:12     | Received a gift from Trog
 14191 | D:13     | Reached skill level 14 in Axes
 14317 | D:13     | Noticed a centaur warrior
 14327 | D:13     | Killed a centaur warrior
 14327 | D:13     | Reached skill level 1 in Evocations
 14474 | D:13     | Lost mutation: You are weak. (Str -2) [evolution]
 14538 | D:12     | Reached XP level 13. HP: 36/124 MP: 4/12
 15648 | D:14     | Gained mutation: You are frail (-10% HP). [mutagenic meat]
 15649 | D:14     | Gained mutation: You have large cloven feet. [mutagenic meat]
 16227 | D:14     | Received a gift from Trog
 16233 | D:14     | Reached skill level 15 in Fighting
 16280 | D:14     | Gained mutation: Potions and wands are less effective at restoring your health. [mutagenic meat]
 16281 | D:14     | Lost mutation: You have large cloven feet. [mutagenic meat]
 16282 | D:14     | Gained mutation: Your flesh is heat resistant. [mutagenic meat]
 16283 | D:14     | Gained mutation: You are partially covered in rugged brown scales (AC +1, +3% HP). [mutagenic meat]
 16284 | D:14     | Lost mutation: You evolve. [mutagenic meat]
 16285 | D:14     | Gained mutation: Potions and wands are poor at restoring your health. [mutagenic meat]
 16287 | D:14     | Gained mutation: You are surrounded by a mild repulsion field (EV +2). [mutagenic meat]
 16288 | D:14     | Gained mutation: You can translocate small distances at will. [mutagenic meat]
 16289 | D:14     | Gained mutation: You are weak. (Str -2) [mutagenic meat]
 16527 | D:14     | Found a gate to the Vaults.
 16603 | D:14     | Reached skill level 15 in Axes
 17170 | D:15     | Entered Level 15 of the Dungeon
 17174 | D:15     | Noticed Louise
 17194 | D:15     | Killed Louise
 17195 | D:15     | Reached XP level 14. HP: 126/126 MP: 15/15
 17251 | D:15     | Noticed Kirke
 17262 | D:15     | Killed Kirke
 17466 | D:15     | Gained mutation: You are resistant to electric shocks. [mutagenic meat]
 17473 | D:15     | Gained mutation: Armour fits poorly on your strangely shaped body. [mutagenic meat]
 17474 | D:15     | Lost mutation: Your flesh is heat resistant. [mutagenic meat]
 17488 | D:15     | Received a gift from Trog
 17661 | D:14     | Reached skill level 16 in Axes
 18066 | D:15     | Found a staircase to the Depths.
 18175 | D:15     | HP: 3/127 [centaur warrior/arrow (4)]
 18596 | D:15     | Received a gift from Trog
 18960 | D:15     | Noticed Azrael
 18970 | D:15     | Killed Azrael
 19486 | D:15     | Reached skill level 5 in Throwing
 19769 | Lair:1   | Entered Level 1 of the Lair of Beasts
 20678 | Lair:2   | Received a gift from Trog
 20979 | Lair:2   | Reached skill level 5 in Evocations
 21312 | Lair:3   | Noticed Snorg
 21312 | Lair:3   | Noticed Harold
 21319 | Lair:3   | Killed Harold
 21326 | Lair:3   | Killed Snorg
 21756 | Lair:3   | Noticed Gastronok
 21768 | Lair:3   | Killed Gastronok
 22323 | Lair:3   | Received a gift from Trog
 22642 | Lair:3   | Reached skill level 17 in Axes
 22817 | Lair:4   | Reached XP level 15. HP: 126/134 MP: 18/18
 22879 | Lair:4   | Lost mutation: You are frail (-10% HP). [potion of cure mutation]
 22879 | Lair:4   | Lost mutation: You can translocate small distances at will. [potion of cure mutation]
 22879 | Lair:4   | Lost mutation: You are resistant to electric shocks. [potion of cure mutation]
 22879 | Lair:4   | Lost mutation: Armour fits poorly on your strangely shaped body. [potion of cure mutation]
 22879 | Lair:4   | Lost mutation: You are partially covered in rugged brown scales (AC +1, +3% HP). [potion of cure mutation]
 22879 | Lair:4   | Lost mutation: You are weak. (Str -2) [potion of cure mutation]
 23036 | Lair:4   | Found a hole to the Spider Nest.
 24010 | Lair:5   | Received a gift from Trog
 24075 | Lair:5   | Reached skill level 15 in Armour
 24947 | Lair:5   | Found a staircase to the Swamp.
 25677 | Lair:6   | Received a gift from Trog
 25822 | Lair:6   | Found a staircase to the Slime Pits.
 26220 | Lair:7   | Reached skill level 18 in Axes
 26879 | Lair:8   | Entered Level 8 of the Lair of Beasts
 27329 | Lair:8   | Received a gift from Trog
 29321 | D:9      | Gained mutation: You are agile. (Dex +2) [mutagenic meat]
 29373 | Orc:1    | Entered Level 1 of the Orcish Mines
 29373 | Orc:1    | Found a frozen archway.
 29380 | IceCv    | Entered an ice cave
 29386 | IceCv    | Noticed Arantyr's ghost (journeyman GrFi)
 29401 | IceCv    | Killed Arantyr's ghost
 29969 | IceCv    | Reached XP level 16. HP: 155/155 MP: 19/19
 30222 | Orc:1    | Found a bloodstained altar of Trog.
 30561 | Orc:1    | Received a gift from Trog
 30868 | Orc:1    | Received a gift from Trog
 30954 | Orc:2    | Entered Level 2 of the Orcish Mines
 31040 | Orc:2    | Found a roughly hewn altar of Beogh.
 31167 | Orc:2    | Found Siegupu's Antique Armour Shoppe.
 31494 | Orc:2    | Bought the -2 hat of the Alchemist {rElec rPois rF+ rC+ rN+ MR+ rMut rCorr} for 1085 gold pieces
 31521 | Orc:2    | Found Jear Rotu's Antique Armour Boutique.
 31532 | Orc:2    | Reached skill level 19 in Axes
 31535 | Orc:2    | Received a gift from Trog
 31557 | Orc:2    | Bought a pair of glowing boots for 103 gold pieces
 31581 | Orc:2    | Found a roughly hewn altar of Beogh.
 31621 | Orc:2    | Found Asul's Armour Shoppe.
 31825 | Orc:2    | Found Lyna's Book Boutique.
 31864 | Orc:2    | Bought a +1 cloak of invisibility for 198 gold pieces
 31884 | Orc:2    | Found a staircase to the Elven Halls.
 32243 | Swamp:1  | Entered Level 1 of the Swamp
 32577 | Swamp:1  | You are sucked into a shaft!
 34280 | Swamp:2  | Found a shimmering altar of Xom.
 34297 | Swamp:2  | Noticed Donald
 34310 | Swamp:2  | Killed Donald
 35063 | Swamp:3  | Identified a scroll of acquirement
 35145 | Swamp:3  | Received a gift from Trog
 35260 | Swamp:3  | Gained mutation: You are partially covered in iridescent scales (AC +4). [mutagenic meat]
 35863 | Swamp:3  | Reached skill level 20 in Axes
 36090 | Swamp:4  | Entered Level 4 of the Swamp
 36553 | Swamp:4  | Noticed rockintein's ghost (adept MiBe)
 36576 | Swamp:4  | Killed rockintein's ghost
 36578 | Swamp:4  | Reached XP level 17. HP: 149/162 MP: 21/21
 36850 | Swamp:4  | Got a pair of slimy gloves
 36856 | Swamp:4  | Identified the +0 pair of gloves of Salvation {*Drain Str+2 Slay+5 Stlth+} (You acquired it on level 4 of the Swamp)
 37438 | Swamp:4  | Received a gift from Trog
 37439 | Swamp:4  | Got a pitted war axe {god gift}
 37440 | Swamp:4  | Identified the +5 war axe of Cuuroir {speed, rN+ Dex+4} (Trog gifted it to you on level 4 of the Swamp)
 37491 | Swamp:4  | Got a decaying rune of Zot
 37929 | Spider:1 | Entered Level 1 of the Spider Nest
 37969 | Spider:1 | Noticed Agnes
 37982 | Spider:1 | Killed Agnes
 38054 | Spider:1 | Noticed Asterion
 38062 | Spider:1 | Killed Asterion
 38377 | Spider:1 | Noticed Frances
 38390 | Spider:1 | Killed Frances
 38558 | Spider:1 | Reached skill level 21 in Axes
 38662 | Spider:1 | Received a gift from Trog
 39392 | Spider:2 | Noticed Roxanne
 39416 | Spider:2 | Killed Roxanne
 39439 | Spider:2 | Identified Roxanne's Catalogue of the Mountains (You took it off Roxanne on level 2 of the Spider Nest)
 39726 | Spider:2 | Noticed Nikola
 39739 | Spider:2 | Killed Nikola
 39862 | Spider:3 | Received a gift from Trog
 39947 | Spider:3 | Reached XP level 18. HP: 148/172 MP: 23/23
 40544 | Spider:3 | Noticed Aizul
 40572 | Spider:3 | Killed Aizul
 40732 | Spider:4 | Entered Level 4 of the Spider Nest
 40988 | Spider:4 | Reached skill level 22 in Axes
 40990 | Spider:4 | Received a gift from Trog
 41048 | Spider:4 | Reached skill level 10 in Throwing
 41652 | Spider:4 | Got a gossamer rune of Zot
 41997 | Spider:4 | Received a gift from Trog
 42114 | Spider:4 | Noticed Arachne
 42129 | Spider:4 | Killed Arachne
 42579 | Slime:1  | Entered Level 1 of the Pits of Slime
 42594 | Slime:1  | Received a gift from Trog
 42614 | Slime:1  | Got a pitted brass ring
 42616 | Slime:1  | Identified the ring of Peace {rCorr rPois Dex+3} (You acquired it on level 1 of the Pits of Slime)
 44613 | Slime:1  | Reached skill level 23 in Axes
 44678 | Slime:1  | Received a gift from Trog
 45874 | Slime:2  | Reached XP level 19. HP: 181/181 MP: 25/25
 45911 | Slime:3  | HP: 8/181 [acid (11)]
 46579 | Slime:3  | Gained mutation: Potions and wands cannot restore your health. [a shining eye]
 46588 | Slime:3  | Lost mutation: You are agile. (Dex +2) [a shining eye]
 47183 | Slime:4  | Received a gift from Trog
 47760 | Slime:4  | Received a gift from Trog
 48048 | Slime:5  | Gained mutation: You tend to lose your temper in combat. [a shining eye]
 48081 | Slime:4  | Received a gift from Trog
 48277 | Slime:5  | Received a gift from Trog
 48732 | Slime:6  | Entered Level 6 of the Pits of Slime
 48742 | Slime:6  | Received a gift from Trog
 48917 | Slime:6  | Reached skill level 24 in Axes
 48922 | Slime:6  | Reached skill level 10 in Evocations
 48969 | Slime:6  | Noticed Britaniac's ghost (legendary NaFi)
 49075 | Slime:6  | Killed Britaniac's ghost
 49857 | Slime:6  | Noticed the Royal Jelly
 50834 | Slime:5  | Reached XP level 20. HP: 72/190 MP: 26/26
 51305 | Slime:5  | Received a gift from Trog
 52071 | Slime:5  | Received a gift from Trog
 52088 | Slime:6  | Gained mutation: Armour fits poorly on your strangely shaped body. [a shining eye]
 52764 | Slime:6  | Gained mutation: You are occasionally teleported next to monsters. [a shining eye]
 53581 | Slime:6  | Found a viscous altar of Jiyva.
 53823 | Slime:4  | Received a gift from Trog
 54800 | Slime:6  | Killed the Royal Jelly
 55136 | Slime:6  | Got a wavering brass ring
 55138 | Slime:6  | Got a slimy rune of Zot
 55161 | Slime:6  | Got a coiled amber ring
 55163 | Slime:6  | Identified the ring "Plog" {rC++ Dex+3 SInv} (You found it on level 6 of the Pits of Slime)
 55165 | Slime:6  | Identified the ring "Ysteuvohe" {Wiz Fragile rF+ Int+2 Dex+2} (You found it on level 6 of the Pits of Slime)
 55279 | Slime:6  | Got a brightly glowing brass ring
 55294 | Slime:6  | Identified the ring "Vuedyb" {Ice rElec rN+++ Str-3 Stlth+} (You found it on level 6 of the Pits of Slime)
 55351 | Slime:6  | Got a translucent steel amulet
 55353 | Slime:6  | Identified the amulet "Nannidaaz" {Dismiss rN+} (You acquired it on level 6 of the Pits of Slime)
 55819 | Vaults:1 | Entered Level 1 of the Vaults
 55873 | Vaults:1 | Reached skill level 25 in Axes
 55930 | Vaults:1 | Gained mutation: Your natural rate of healing is unusually fast. [mutagenic meat]
 55931 | Vaults:1 | Lost mutation: Potions and wands cannot restore your health. [mutagenic meat]
 55934 | Vaults:1 | Gained mutation: You have sharp toenails. [mutagenic meat]
 55935 | Vaults:1 | Gained mutation: You have a pair of large horns on your head. [mutagenic meat]
 55936 | Vaults:1 | Lost mutation: You have sharp toenails. [mutagenic meat]
 55938 | Vaults:1 | Gained mutation: Your muscles are strong. (Str +2) [mutagenic meat]
 55993 | Vaults:1 | Received a gift from Trog
 56563 | Vaults:1 | Gained mutation: Scrolls take you a little longer to read. [mutagenic meat]
 56664 | Vaults:1 | Gained mutation: You have sharp toenails. [mutagenic meat]
 56666 | Vaults:1 | Lost mutation: You have sharp toenails. [mutagenic meat]
 57756 | Vaults:2 | Found a staircase to the Crypt.
 58007 | Vaults:2 | Received a gift from Trog
 58562 | Vaults:3 | Reached XP level 21. HP: 196/196 MP: 28/28
 58990 | Vaults:3 | Reached skill level 26 in Axes
 59188 | Vaults:3 | Received a gift from Trog
 59372 | Vaults:3 | Gained mutation: You are agile. (Dex +2) [mutagenic meat]
 60328 | Vaults:4 | Received a gift from Trog
 60341 | Vaults:4 | Found a gateway to a bazaar.
 60366 | Bazaar   | Entered a bazaar
 60387 | Bazaar   | Found Tidolat's Food Boutique.
 60414 | Bazaar   | Found Liroriax's Food Boutique.
 60442 | Bazaar   | Found Wifeuxi's Food Boutique.
 60456 | Bazaar   | Found Ocumefesa's General Store.
 60490 | Bazaar   | Bought a potion of might for 60 gold pieces
 60490 | Bazaar   | Bought a +2 plate armour of magic resistance for 600 gold pieces
 60490 | Bazaar   | Bought a scroll of teleportation for 45 gold pieces
 60791 | Vaults:4 | Noticed whitenoisemaker's ghost (adept DsGl)
 60861 | Vaults:4 | Received a gift from Trog
 61624 | Vaults:4 | Received a gift from Trog
 61653 | Vaults:4 | Got an ancient hand axe {god gift}
 61700 | Vaults:4 | Identified the +3 hand axe "Nucut" {chop, *Rage rN++ MR+ Dex+2} (Trog gifted it to you on level 4 of the Vaults)
 61803 | Vaults:5 | Entered Level 5 of the Vaults
 61828 | Vaults:5 | Reached skill level 27 in Axes
 61829 | Vaults:5 | Reached XP level 22. HP: 155/206 MP: 29/29
 61877 | Vaults:5 | HP: 7/207 [sphinx (12)]
 61877 | Vaults:5 | HP: 2/207 [vault guard/halberd of venom (5)]
 61877 | Vaults:5 | Mangled by an orc warrior

Skill      XL: |  1  2  3  4  5  6  7  8  9 10 11 12 13 14 15 16 17 18 19 20 21 |
---------------+----------------------------------------------------------------+-----
Axes           | 4 5 6 7 9 10 12 13 14 15 17 18 20 21 23 24 25 27 | 27.0
Fighting       | 4 5 6 7 9 11 12 14 15 16 17 18 19 20 | 20.5
Armour         | 3 4 6 7 8 10 11 12 13 14 15 16 17 18 19 20 | 20.0
Dodging        | 3 4 |  4.0
Shields        | 1 4 7 8 9 |  9.7
Throwing       | 3 4 5 7 8 9 10 11 12 | 12.7
Evocations     | 1 3 5 6 7 8 9 10 11 | 11.7
Stealth        | |  0.1

Action                   |  1- 3 |  4- 6 |  7- 9 | 10-12 | 13-15 | 16-18 | 19-21 | 22-24 || total
-------------------------+-------+-------+-------+-------+-------+-------+-------+-------++-------
Melee: Hand axe          |   127 |    98 |   416 |    27 |       |       |       |       ||   668
       Headbutt          |    21 |    24 |    81 |   142 |   242 |   334 |   483 |    10 ||  1337
       Broad axe         |       |       |       |   664 |   414 |       |       |       ||  1078
       Executioner's axe |       |       |       |       |   704 |   550 |       |       ||  1254
       War axe           |       |       |       |       |       |   695 |  1331 |    24 ||  2050
Throw: Javelin           |       |       |       |       |     2 |    14 |    46 |       ||    62
Invok: Berserk           |       |     2 |     4 |     7 |     8 |     8 |     6 |       ||    35
       Burn Spellbooks   |       |       |     1 |     2 |     3 |     2 |     2 |       ||    10
       Trog's Hand       |       |       |       |       |     2 |     1 |     3 |       ||     6
       Brothers in Arms  |       |       |       |       |     1 |     2 |     5 |       ||     8
 Abil: Blink             |       |       |       |       |     2 |       |       |       ||     2
       Evoke Flight      |       |       |       |       |     3 |       |       |       ||     3
Evoke: Wand              |       |       |       |     2 |     7 |    14 |     8 |       ||    31
       Deck              |       |       |       |       |     7 |     8 |    20 |       ||    35
       Fan of gales      |       |       |       |       |       |       |     2 |       ||     2
  Use: Scroll            |     6 |     4 |     8 |     6 |     8 |     5 |     8 |       ||    45
       Potion            |       |       |     2 |       |    19 |     1 |    13 |       ||    35
 Stab: Paralysed         |       |       |       |     2 |       |       |       |       ||     2
       Distracted        |       |       |       |     1 |     1 |       |       |       ||     2
  Eat: Chunk             |       |     6 |    12 |    28 |    56 |    44 |    42 |       ||   188
       Fruit             |       |       |     2 |       |       |       |       |       ||     2
       Pizza             |       |       |     1 |     2 |     4 |       |     1 |       ||     8
       Meat ration       |       |       |     1 |       |       |       |     8 |       ||     9
       Royal jelly       |       |       |       |     3 |     5 |     6 |       |       ||    14
       Beef jerky        |       |       |       |       |     3 |     5 |     3 |       ||    11
Armor: Ring mail         |    38 |     4 |       |       |       |       |       |       ||    42
       Plate armour      |       |    45 |   192 |   477 |   760 |   664 |   484 |    10 ||  2632
Dodge: Dodged            |    73 |    39 |   145 |   233 |   590 |   504 |   330 |    10 ||  1924
Block: Buckler           |       |       |       |   186 |   139 |       |       |       ||   325
       Shield            |       |       |       |       |       |   290 |   604 |    20 ||   914
